 Dungeon Crawl Stone Soup version 0.17.1-1-g73c8601 (webtiles) character file.

93 simples the Conjurer (level 4, -1/33 HPs)
             Began as a Draconian Conjurer on Jan 7, 2016.
             Slain by Goblin1989's ghost (10 damage)
             ... on level 3 of the Dungeon.
             The game lasted 00:06:41 (3174 turns).

simples the Conjurer (Draconian Conjurer)           Turns: 3174, Time: 00:06:41

Health: -1/33      AC:  5    Str: 10    XL:     4   Next: 37%
Magic:  4/8        EV:  7    Int: 16    God:
Gold:   94         SH:  0    Dex: 12    Spells: 2 memorised, 6 levels left

rFire  . . .     SeeInvis .     d - +0 dagger
rCold  . . .     Clarity  .     (armour unavailable)
rNeg   . . .     SustAt   .     (no shield)
rPois  .         Gourm    .     (helmet restricted)
rElec  .         Spirit   .     (no cloak)
rCorr  .         Warding  .     (no gloves)
rMut   .         Stasis   .     (no boots)
MR     .....                    (no amulet)
Stlth  ++........               (no ring)
                                (no ring)

@: not resistant to hostile enchantments, unstealthy
A: unfitting armour, cold-blooded, AC +5
a: no special abilities


You were on level 3 of the Dungeon.
You were very hungry.

You visited 1 branch of the dungeon, and saw 3 of its levels.

You collected 94 gold pieces.

Inventory:

Hand Weapons
 d - a +0 dagger (weapon)
Scrolls
 c - a scroll of teleportation {unknown}
 g - a scroll of fear {unknown}
 j - a scroll of remove curse {unknown}
 l - a scroll of noise {unknown}
 m - a scroll of random uselessness {unknown}
Potions
 e - a potion of agility {unknown}
 h - a potion of cancellation {unknown}
Books
 a - a book of Conjurations

   Spells                             Type                      Level
   a - Magic Dart                     Conjuration                  1
   b - Searing Ray                    Conjuration                  2
   c - Dazzling Spray                 Conjuration/Hexes            3
   d - Fulminant Prism                Conjuration/Hexes            4
   e - Iskenderun's Mystic Blast      Conjuration                  4
   f - Iskenderun's Battlesphere      Conjuration/Charms           5
Comestibles
 b - 4 bread rations
 f - a beef jerky
 k - a meat ration


   Skills:
 - Level 1.7 Dodging
 - Level 1.7 Stealth
 + Level 3.1 Spellcasting
 * Level 5.2 Conjurations


You had 6 spell levels left.
You knew the following spells:

 Your Spells              Type           Power        Failure   Level  Hunger
a - Magic Dart            Conj           ###.         2%          1    None
b - Searing Ray           Conj           ###...       4%          2    ##.....


Dungeon Overview and Level Annotations

Branches:
Dungeon (3/15)

Altars:
Okawaru

Annotations:
D:3 Goblin1989's ghost, novice GrMo


Innate Abilities, Weirdness & Mutations

Your plain brown scales are hard (AC +5).
Your body does not fit into most forms of armour.
You are cold-blooded and may be slowed by cold attacks.


Message History

Goblin1989's ghost barely misses you. Goblin1989's ghost hits you.
There is a stone staircase leading up here.
Casting: Magic Dart
Confirm with . or Enter, or press ? or * to list all spells.
Aiming: Searing Ray
Press: ? - help, Shift-Dir - straight line, f - Goblin1989's ghost
Aim: Goblin1989's ghost The searing ray hits Goblin1989's ghost.
Goblin1989's ghost is lightly damaged.
Goblin1989's ghost wails, "You will never get the ORB!"
Goblin1989's ghost hits you!
The searing ray hits Goblin1989's ghost.
Goblin1989's ghost is lightly damaged.
Goblin1989's ghost hits you!
The searing ray hits Goblin1989's ghost.
Goblin1989's ghost is lightly damaged.
Goblin1989's ghost hits you.
* * * LOW HITPOINT WARNING * * *
Goblin1989's ghost hits you!
You die...

#.............
#.............
#.............
#......#..$...
#......#......
#...?..#......
####.)........
###....#...#.
#....@.......
#.##W........
#. #.........
# #........#
#........#
+........#
#....#+#..
...... ..


You could see Goblin1989's ghost.

Vanquished Creatures
  A gnoll (D:1)
  2 adders (D:2)
  An ooze (D:2)
  2 worms (D:2)
  A giant gecko (D:1)
  11 bats
  11 hobgoblins
  2 giant cockroaches (D:2)
  3 giant newts (D:2)
  9 goblins
  7 kobolds
  5 rats
55 creatures vanquished.

Notes
Turn   | Place    | Note
--------------------------------------------------------------
     0 | D:1      | simples the Draconian Conjurer began the quest for the Orb.
     0 | D:1      | Reached XP level 1. HP: 14/14 MP: 3/3
   444 | D:1      | Reached XP level 2. HP: 20/20 MP: 1/5
  1029 | D:1      | Reached XP level 3. HP: 13/26 MP: 0/7
  1701 | D:2      | Learned a level 2 spell: Searing Ray
  1753 | D:2      | Found an iron altar of Okawaru.
  2169 | D:2      | Reached skill level 5 in Conjurations
  2169 | D:2      | Reached XP level 4. HP: 29/33 MP: 1/8
  2974 | D:3      | Noticed Goblin1989's ghost (novice GrMo)
  3174 | D:3      | Slain by Goblin1989's ghost

Action                   |  1- 3 |  4- 6 || total
-------------------------+-------+-------++-------
Melee: Unarmed           |    10 |       ||    10
       Dagger            |    48 |     2 ||    50
 Cast: Magic Dart        |    79 |    26 ||   105
       Searing Ray       |     1 |     7 ||     8
  Eat: Chunk             |     4 |     3 ||     7
